Map: Torres Crepusculares

Players

TheZergLord - Winner!

  • Race: Zerg Zerg
  • League: Master

GOLDuX

  • Race: Protoss Protoss
  • League: Master

VOD

Have the link to the VOD?

Description

Time

  • Played on: April 26, 2016, 8:59 a.m.
  • Length: 6:43
Show
View Real Time Build Order
Export as new Build Order

TheZergLord Zerg - Winner!

Build Orders: Hatch First 

Get SALT Encoding   

  12  0:01  Drone  
  13  0:13  Overlord  
  13  0:17  Drone  
  14  0:32  Drone x2  
  17  0:35  Drone  
  17  0:53  Hatchery  
  17  0:56  Drone  
  17  0:59  Drone  
  18  1:11  Extractor  
  17  1:14  Spawning Pool  
  17  1:17  Drone  
  17  1:21  Drone  
  18  1:29  Drone  
  19  1:40  Overlord  
  19  1:50  Drone  
  20  2:01  Queen  
  20  2:02  Zergling x2  
  20  2:06  Queen, Drone  
  26  2:12  Drone  
  26  2:13  Metabolic Boost  
  27  2:17  Drone  
  28  2:23  Drone  
  29  2:31  Drone  
  30  2:40  Drone  
  30  2:41  Overlord  
  31  2:50  Hatchery  
  30  2:52  Pneumatized Carapace  
  30  3:01  Queen  
  30  3:03  Drone  
  30  3:04  Drone  
  34  3:07  Drone  
  34  3:10  Drone  
  36  3:13  Drone x2  
  36  3:17  Overlord  
  38  3:21  Drone  
  38  3:24  Drone  
  40  3:28  Drone x2  
  39  3:43  Zergling x6  
  42  3:51  Overlord  
  42  3:52  Drone  
  42  3:53  Drone x3  
  46  3:59  Baneling Nest  
  45  4:14  Queen  
  45  4:16  Overlord  
  47  4:17  Drone x4  
  47  4:18  Drone x4  
  47  4:20  Drone  
  56  4:31  Drone x5  
  61  4:42  Extractor  
  61  4:44  Lair  
  60  4:46  Overlord  
  60  4:47  Zergling x6  
  60  4:48  Zergling x2  
  64  5:00  Overlord  
  64  5:05  Drone x5  
  64  5:06  Drone x3  
  72  5:12  Zergling x4  
  74  5:15  Overlord x3  
  74  5:18  Baneling  
  74  5:19  Baneling x10  
  74  5:26  Extractor  
  74  5:28  Drone  
  74  5:29  Drone  
  74  5:30  Zergling x4  
  74  5:31  Zergling x8  
  74  5:32  Hatchery  
  80  5:38  Zergling x12  
  80  5:39  Zergling x2  
  87  5:48  Zergling x6  
  90  5:58  Zergling x2  
  90  5:59  Zergling x10  
  90  6:01  Queen  
  98  6:06  Overlord x2  
  98  6:09  Baneling  
  98  6:10  Baneling x6  
  98  6:23  Overlord  
  98  6:24  Overlord  
  102  6:26  Zergling x2  
Show
View Real Time Build Order
Export as new Build Order

GOLDuX Protoss 

Build Orders: 1 Gate Expand 

Get SALT Encoding   

  12  0:01  Probe (Chrono Boost)  
  13  0:11  Probe (Chrono Boost)  
  14  0:21  Pylon  
  14  0:23  Probe (Chrono Boost)  
  15  0:39  Probe (Chrono Boost)  
  17  0:50  Probe (Chrono Boost)  
  17  0:51  Gateway  
  17  1:00  Probe (Chrono Boost)  
  18  1:11  Probe (Chrono Boost)  
  19  1:20  Nexus  
  19  1:21  Probe (Chrono Boost)  
  20  1:27  Assimilator  
  20  1:33  Probe (Chrono Boost), Assimilator  
  21  1:40  Pylon  
  21  1:43  Probe (Chrono Boost)  
  22  1:51  Cybernetics Core  
  22  1:56  Probe (Chrono Boost)  
  23  2:07  Probe (Chrono Boost)  
  24  2:14  Pylon  
  24  2:17  Probe (Chrono Boost)  
  25  2:27  Pylon  
  24  2:30  Adept (Chrono Boost)  
  24  2:32  Probe, Warp Gate  
  24  2:33  Probe  
  28  2:44  Probe  
  28  2:46  Mothership Core  
  28  2:48  Gateway  
  31  2:54  Probe, Adept (Chrono Boost)  
  34  3:05  Gateway  
  34  3:07  Probe (Chrono Boost)  
  34  3:09  Probe (Chrono Boost)  
  36  3:19  Probe (Chrono Boost)  
  37  3:20  Probe (Chrono Boost)  
  38  3:29  Probe (Chrono Boost)  
  38  3:31  Probe (Chrono Boost)  
  40  3:40  Probe (Chrono Boost)  
  41  3:41  Probe (Chrono Boost)  
  42  3:50  Probe (Chrono Boost)  
  42  3:52  Probe (Chrono Boost), Assimilator  
  42  3:53  Assimilator, Pylon  
  42  3:55  Twilight Council  
  44  3:59  Robotics Facility  
  44  4:02  Probe x2 (Chrono Boost)  
  46  4:03  Pylon  
  46  4:09  Pylon  
  44  4:13  Probe (Chrono Boost)  
  45  4:23  Probe (Chrono Boost)  
  45  4:24  Probe (Chrono Boost), Gateway  
  47  4:25  Gateway  
  47  4:31  Resonating Glaives (Chrono Boost)  
  47  4:38  Stalker x2  
  51  4:43  Stalker  
  53  4:46  Probe  
  53  4:47  Probe  
  53  4:51  Pylon  
  54  4:57  Warp Prism  
  56  5:07  Gateway  
  56  5:08  Gateway  
  56  5:16  Gateway  
  56  5:24  Pylon  
  56  5:26  Stalker x2  
  60  5:50  Adept x4  
  60  5:51  Adept  
  70  6:12  Adept  
  70  6:13  Adept x6  
  84  6:18  Pylon  
  70  6:33  Adept  
  70  6:34  Adept x6  
Tags
 
Add a new tag
Caveats
  • Supply blocks, unpowered buildings, or Contaminate may cause inaccurate times.
  • Supply counts are checked every 10 seconds.